[Event "*** SCC Grand Prix: Titled Tuesday Blitz"]
[Site "Chess.com"]
[Date "2020.06.23"]
[Round "5"]
[White "FairChess_on_YouTube"]
[Black "Shield12"]
[Result "1-0"]
[WhiteElo "2996"]
[BlackElo "2836"]
[TimeControl "180+1"]
[EndTime "10:58:00 PDT"]
[Termination "FairChess_on_YouTube won by resignation"]

1. e4 c5 2. Nc3 Nc6 3. Nge2 Nf6 4. d4 cxd4 5. Nxd4 d6 6. h3 e5 7. Nf3 h6 8. Bc4 Be6 9. Bb3 Be7 10. O-O O-O 11. a3 Rc8 12. Re1 Na5 13. Ba2 a6 14. Nh2 Nc4 15. Ng4 Nxg4 16. hxg4 Qd7 17. Nd5 Bd8 18.
f3 Bxd5 19. Qxd5 Bb6+ 20. Kf1 Rc5 21. Qd3 Rfc8 22. b3 Na5 23. c4 R5c7 24. Be3 Bxe3 25. Qxe3 b5 26. cxb5 Qxb5+ 27. Qe2 Qb6 28. Qf2 Qb5+ 29.
Qe2 Qb6 30. Qf2 Qxf2+ 31. Kxf2 Rc2+ 32. Re2 Rxe2+ 33. Kxe2 Rc2+ 34. Kd3 Rxg2 35. b4 Nc6 36. Bc4 Nb8 37. Rc1 Kf8 38. Bd5 Nd7 39. Rc7 Nf6 40.
Rxf7+ Ke8 41. Rxg7 Nxd5 42. exd5 Ra2 43. Ke4 Rxa3 44. Kf5 Rxf3+ 45. Ke6 Kf8 46. Ra7 Rf4 47.
Kxd6 Rxg4 48. Ke6 Rg6+ 49. Kxe5 Rb6 50. d6 Ke8 51. Ke6 Kf8 52. Ra8+ Kg7 53. Ke7 Rxb4 54. d7 Re4+ 55. Kd6 Rd4+ 56. Ke6 Rxd7 57. Kxd7 Kf6 58. Rxa6+ Kg5 59. Ra5+ Kg4 60. Ra4+ Kg3 61. Ke6 h5 62. Kf5 h4 63. Ra3+ 1-0

[Event "*** SCC Grand Prix: Titled Tuesday Blitz"]
[Site "Chess.com"]
[Date "2020.06.23"]
[Round "5"]
[White "AungTZ"]
[Black "MateusViageiro"]
[Result "1-0"]
[WhiteElo "2084"]
[BlackElo "2245"]
[TimeControl "180+1"]
[EndTime "10:58:00 PDT"]
[Termination "AungTZ won by checkmate"]

1. e4 c5 2. Nf3 d6 3. Bb5+ Nd7 4. O-O Nf6 5. Re1 e6 6. c3 Be7 7. d4 O-O 8. Bg5 h6 9. Bh4 a6 10. Bf1 b6 11. a4 Bb7 12. Nbd2 Re8 13. Qb3 Rb8 14. Rad1 Qc7 15. e5 dxe5 16. dxe5 Ng4 17. Bg3 h5 18. Nc4 Bd5 19. Qc2 b5 20. Nd6 Bxd6 21. exd6 Qb7 22. Ng5 Ngf6 23. axb5 axb5 24. b3 c4 25. b4 Qc6 26. Ra1 e5 27. f4 exf4 28. Bxf4 g6 29. Re7 Rxe7 30. dxe7 Re8 31.
Re1 Nb6 32. h3 Qd7 33. Qf2 Na4 34. Be5 Nh7 35. Nxh7 Kxh7 36. Qf6 Rg8 37. Bd4 Be6 38.
Be2 Nb2 39. Bf3 Nd3 40. Re3 Nc1 41. Bd1 Nd3 42. Bc2 Qe8 43. Bxd3 cxd3 44. Rxd3 Bc4 45. Re3 g5 46. Re5 Rg6 47. Qf2 g4 48. Qe3 gxh3 49.
Rxh5+ Kg8 50. Rh8# 1-0

[Event "*** SCC Grand Prix: Titled Tuesday Blitz"]
[Site "Chess.com"]
[Date "2020.06.23"]
[Round "5"]
[White "novendrapriasmoro"]
[Black "Man-Chuk"]
[Result "0-1"]
[WhiteElo "2610"]
[BlackElo "2846"]
[TimeControl "180+1"]
[EndTime "10:58:02 PDT"]
[Termination "Man-Chuk won on time"]

1. e4 c6 2. d4 d5 3. exd5 cxd5 4. Bd3 Nf6 5. c3 Nc6 6. h3 g6 7.
Nf3 Bf5 8. Bxf5 gxf5 9. O-O e6 10.
Bf4 Bg7 11. Re1 O-O 12. Nbd2 Ne4 13. Nb3 Ne7 14. Be5 Ng6 15. Bxg7 Kxg7 16. Nc1 Nf4 17.
Nd3 Nxd3 18. Qxd3 Kh8 19. Qe3 Qf6 20. Ne5 Rg8 21. f3 f4 22. Qe2 Ng3 23. Qd2 Nh5 24.
Ng4 Qh4 25. Qe2 Rg7 26. Qe5 f5 27. Qxe6 fxg4 28. fxg4 f3 29. Qf5 Qg3 30. Qxf3 Qxf3 31.
gxf3 Nf4 32. Re5 Nxh3+ 33. Kh2 Nf4 34. Rae1 Rf8 35. Re8 Rf7 36. Rxf8+ Rxf8 37. Re7 Ng6 38. Rxb7 Rxf3 39. a4 a5 40. Rb5 Kg7 41. Rxd5 Rf2+ 42. Kg3 Rxb2 43. Rxa5 Ra2 44. Ra6 Kh6 45. Ra5 Ra3 46. Rc5 Rxa4 47. Kf3 Kg7 48. Ke4 Kf6 49. c4 Ra1 50. Rc7 h6 51. Rc6+ Kg5 52. c5 Re1+ 53. Kd5 Ne7+ 54. Kd6 Nxc6 55. Kxc6 Kxg4 56. d5 Kf5 57. d6 Rd1 58. Kc7 Ke6 59. Kb7 Rxd6 0-1

[Event "*** SCC Grand Prix: Titled Tuesday Blitz"]
[Site "Chess.com"]
[Date "2020.06.23"]
[Round "5"]
[White "Aygehovit1992"]
[Black "angryhorse9"]
[Result "0-1"]
[WhiteElo "2663"]
[BlackElo "2460"]
[TimeControl "180+1"]
[EndTime "10:58:02 PDT"]
[Termination "angryhorse9 won by resignation"]

1. e4 c5 2. Nf3 Nc6 3. Bb5 g6 4. Bxc6 bxc6 5. O-O Bg7 6. Re1 e5 7. b4 cxb4 8. a3 Ne7 9. axb4 O-O 10. Bb2 d6 11. d4 exd4 12. Bxd4 Bxd4 13. Qxd4 Bg4 14. Nbd2 Qc7 15. Qf6 Bxf3 16. Nxf3 d5 17. Qh4 dxe4 18. Ng5 h5 19. Nxe4 Nf5 20. Qg5 Kg7 21. Nf6 Rh8 22. Rad1 Rad8 23. Rxd8 Qxd8 24. Nxh5+ Kh7 25. Qxd8 Rxd8 26.
Nf6+ Kg7 27. Ne4 Nd4 28. c3 Nb5 29. g4 Rd3 30. c4 Nd4 31. Kg2 Rb3 32. Rd1 Ne6 33.
b5 cxb5 34. c5 Rb4 35. f3 Rc4 36. Rd7 a5 37. Nd6 Rxc5 38. Rxf7+ Kg8 39. Re7 Nf4+ 40. Kg3 Nd5 41. Re5 b4 42. Ne4 Rb5 43. Rxd5 Rxd5 44. Nf6+ Kf7 45. Nxd5 Ke6 46. Ne3 a4 47. Nc2 b3 48. Na3 Kd5 49. f4 Kc5 50. f5 gxf5 51.
g5 Kb4 52. g6 Kxa3 53. g7 b2 54. g8=Q b1=Q 55. Qf8+ Ka2 56. Qf7+ Qb3+ 0-1

[Event "*** SCC Grand Prix: Titled Tuesday Blitz"]
[Site "Chess.com"]
[Date "2020.06.23"]
[Round "5"]
[White "Zurability"]
[Black "JoliyRoger"]
[Result "1-0"]
[WhiteElo "2684"]
[BlackElo "2311"]
[TimeControl "180+1"]
[EndTime "10:58:04 PDT"]
[Termination "Zurability won on time"]

1. Nf3 Nf6 2. c4 c5 3. Nc3 e6 4. g3 Be7 5. Bg2 O-O 6. O-O Nc6 7. d4 cxd4 8. Nxd4 Ne5 9. b3 d6 10. Bb2 a6 11. Qd2 Qc7 12. Rac1 Rb8 13. Rfd1 Re8 14.
h3 Bf8 15. f4 Ng6 16. e4 b6 17. Nde2 Bb7 18. Qe3 Ba8 19. Kh1 h6 20. Rd2 Nd7 21. Rcd1 Nf6 22. Ba3 Red8 23. Rd3 b5 24. cxb5 axb5 25.
Bb4 h5 26. a3 d5 27. Bxf8 Kxf8 28. exd5 exd5 29. Nxd5 Bxd5 30. Bxd5 Re8 31. Qf3 h4 32.
Bc6 Rxe2 33. Qxe2 Qxc6+ 34. Qg2 Qc7 35. f5 Ne5 36. Re3 hxg3 37. Qxg3 Re8 38. Rde1 Nfd7 39.
Rg1 Qc6+ 40. Kh2 Qf6 41. Qf4 Rc8 42. Rg2 Re8 43. Reg3 Qd6 44. Kh1 Qd1+ 45. Rg1 Qd5+ 46. Kh2 Qd6 47. Kh1 Nf6 48. Rxg7 Qd5+ 49. R1g2 Nf3 50.
Qh6 Re1+ 51. Rg1 Rxg1+ 52. Rxg1+ Ke7 53. Qe3+ Ne5+ 54. Rg2 Ne4 55. Kh2 Qd1 56. Re2 Qd6 57. Qxe4 f6 58. Kg2 Kd7 59. Qe3 Ke7 60. Rd2 Qc6+ 61.
Kf2 Qc7 62. Re2 Qc6 63. Qe4 Qc5+ 64. Kg2 Qxa3 65. b4 Qc3 66. Rc2 Qd3 67. Qb7+ 1-0

[Event "*** SCC Grand Prix: Titled Tuesday Blitz"]
[Site "Chess.com"]
[Date "2020.06.23"]
[Round "5"]
[White "realmadridtv"]
[Black "bascheyaro"]
[Result "1-0"]
[WhiteElo "2478"]
[BlackElo "2709"]
[TimeControl "180+1"]
[EndTime "10:58:05 PDT"]
[Termination "realmadridtv won by resignation"]

1. e4 e6 2. d4 d5 3. e5 c5 4. c3 Qb6 5. Nf3 Bd7 6. Na3 a6 7.
Be2 Bb5 8. Nxb5 axb5 9. O-O c4 10. Bd2 b4 11. b3 bxc3 12. Bxc3 cxb3 13. Qxb3 Qc7 14.
Rab1 Ra7 15. Rfc1 Nc6 16. a4 Nge7 17. a5 f6 18. exf6 gxf6 19. Bb5 Kf7 20. Bd2 Bg7 21. Rc2 Rb8 22. Qd3 Kg8 23. Rbc1 Qd6 24. a6 Bf8 25. axb7 Nb4 26. Bxb4 Qxb4 27. Bd7 Qd6 28. Bc8 e5 29. dxe5 fxe5 30. Qe3 d4 31. Qg5+ Bg7 32. Qh5 Qg6 33. Qxg6 hxg6 34. Ng5 Bf6 35.
Ne6 Kf7 36. Nc7 Rbxb7 37. Bxb7 Rxb7 38. f3 Bg5 39. Rd1 Be3+ 40. Kf1 Kf6 41. Na6 Rb3 42. Nc5 Ra3 43. Ne4+ Kf7 44. Nf2 Nd5 45. Nd3 Rxd3 46. Rxd3 Nb4 47. Rxe3 Nxc2 48. Rxe5 d3 49. Kf2 Kf6 50.
Rd5 Nb4 51. Rd4 Nc6 52. Rxd3 Ne5 53. Re3 Nf7 54. Re2 Nh6 55. g3 Nf5 56. h3 Nd4 57. Re4 Nb3 58. g4 Nc5 59. Rc4 Nd7 60. Rc6+ Ke5 61.
Kg3 g5 62. Rg6 Nb8 63. Rxg5+ Kf6 64. Rf5+ Ke6 65. Rb5 Nc6 66. Rb6 Ke5 67. Rxc6 1-0

[Event "*** SCC Grand Prix: Titled Tuesday Blitz"]
[Site "Chess.com"]
[Date "2020.06.23"]
[Round "5"]
[White "chipmunknau"]
[Black "XiaoKangZhong"]
[Result "1-0"]
[WhiteElo "2592"]
[BlackElo "2405"]
[TimeControl "180+1"]
[EndTime "10:58:07 PDT"]
[Termination "chipmunknau won by resignation"]

1. Nf3 d5 2. e3 Bf5 3. c4 e6 4.
Qb3 dxc4 5. Qxb7 Nd7 6. Bxc4 Rb8 7. Qa6 Ngf6 8. d4 Rb6 9. Qxa7 Bd6 10. O-O O-O 11. Nbd2 Qe7 12. Re1 Ne4 13. Bf1 Ndf6 14. Nc4 Rbb8 15. Nce5 Ra8 16. Qb7 Nd5 17. Nc6 Qf6 18.
Be2 Bg4 19. Rf1 Qh6 20. h3 Bxh3 21. gxh3 Qxh3 22. Nce5 Rfb8 23. Qc6 f6 24. Nd3 Ng5 25.
Nf4 Nxf3+ 26. Bxf3 Qxf3 27. Qd7 Qg4+ 28. Kh1 Nxf4 29.
exf4 Qh3+ 30. Kg1 Qg4+ 31. Kh2 Rd8 32. Qc6 Qh4+ 33. Kg2 Qg4+ 34. Kh1 Rab8 35. Qg2 Qxg2+ 36. Kxg2 Kf7 37. b3 Rb4 38. Be3 Rb5 39. Rac1 Rdb8 40. Rc3 Ra5 41. a4 Ke7 42. Rd1 Kd7 43. Rcd3 Ke7 44.
Kf3 Kf7 45. Ke2 Ke7 46. Kf3 Kf7 47. Rc1 g6 48. Rc4 Ra7 49. Bd2 Rab7 50. b4 Bxb4 51. Bxb4 Rxb4 52. Rxc7+ Kg8 53. d5 exd5 54. Rxd5 R4b7 55.
Rdd7 Rxc7 56. Rxc7 Ra8 57. Rc4 Kg7 58. Ke3 f5 59. Kd4 Kf6 60. Kc5 h5 61. Kb5 h4 62.
Rc3 Ke6 63. a5 Kd5 64. a6 Rb8+ 65. Ka5 Rb1 66. Rh3 Kc5 67. Rc3+ Kd4 68. Ra3 Rb8 69. a7 Ra8 70. Kb6 h3 71. Rxh3 Ke4 72. Rg3 Kxf4 73.
Rxg6 Kf3 74. Rf6 f4 75. Kb7 Re8 76. a8=Q Rxa8 77. Kxa8 Ke4 78. Kb7 Kf3 79. Kc6 Ke4 80. Kd6 Kf3 81. Ke5 Kxf2 82. Rxf4+ 1-0

[Event "*** SCC Grand Prix: Titled Tuesday Blitz"]
[Site "Chess.com"]
[Date "2020.06.23"]
[Round "5"]
[White "Bigfish1995"]
[Black "attack2mateU"]
[Result "1-0"]
[WhiteElo "3041"]
[BlackElo "2670"]
[TimeControl "180+1"]
[EndTime "10:58:08 PDT"]
[Termination "Bigfish1995 won by resignation"]

1. e4 c5 2. Nf3 d6 3. d4 cxd4 4. Nxd4 Nf6 5. Nc3 a6 6. g3 e5 7. Nde2 Be7 8. Bg2 O-O 9. a4 Be6 10. O-O Nbd7 11. b3 Qb8 12. h3 Bd8 13. f4 Bb6+ 14. Kh1 Nc5 15. b4 Ncd7 16. a5 Ba7 17. Nd5 Bxd5 18. exd5 Re8 19. Ra3 exf4 20. Bxf4 Ne5 21.
Rc3 Qd8 22. Bg5 Ned7 23. Nd4 h6 24. Bf4 Ne4 25. Re3 Ndf6 26. Qd3 Qd7 27. g4 Ng5 28. c4 Rxe3 29. Bxe3 Re8 30. Bg1 Nge4 31. Bh2 Bxd4 32. Qxd4 Qa4 33. Qb2 Rc8 34. Rc1 Re8 35. Bf4 Ng5 36.
Kh2 Nfe4 37. Re1 Nf6 38. Rf1 Qd7 39. Qd4 Nxg4+ 40. hxg4 Qxg4 41. Qd3 Re2 42. Qg3 Qh5+ 43. Kg1 Ne4 44. Bxe4 Rxe4 45. Qf3 Qxf3 46. Rxf3 Rxc4 47. Bxd6 Rd4 48. Re3 Rxd5 49. Re8+ Kh7 50. Bc5 Rd7 51. Kf2 Kg6 52. Rf8 h5 53. Kg3 Kf5 54. Kh4 g6 55.
Re8 Kf6 56. Be3 Kf5 57. Kg3 Rd3 58. Kf3 g5 59. Re7 g4+ 60. Ke2 Rb3 61. Rxf7+ Ke4 62.
Re7+ Kd5 63. Rxb7 Kc4 64. Bc5 g3 65. Rh7 g2 66. Kf2 Rb2+ 67. Kg1 Kb5 68. Rxh5 Ka4 69. Rh3 Kb5 70. Rg3 Rc2 71. Rxg2 Rxg2+ 72. Kxg2 1-0

[Event "*** SCC Grand Prix: Titled Tuesday Blitz"]
[Site "Chess.com"]
[Date "2020.06.23"]
[Round "5"]
[White "PawnEatingZombie"]
[Black "abubakrtagelsir"]
[Result "0-1"]
[WhiteElo "2104"]
[BlackElo "2333"]
[TimeControl "180+1"]
[EndTime "10:58:11 PDT"]
[Termination "abubakrtagelsir won on time"]

1. d4 d6 2. e4 Nf6 3. Bd3 g6 4. Nf3 Bg7 5. c3 O-O 6. O-O Bg4 7. h3 Bxf3 8. Qxf3 e5 9. dxe5 dxe5 10. Re1 Nbd7 11.
Nd2 c6 12. Bf1 Nc5 13. a4 a5 14. Nc4 Ne6 15. Rd1 Qc7 16. Be3 Nd7 17. Rxd7 Qxd7 18. Nb6 Qc7 19. Nxa8 Rxa8 20. Rd1 Rd8 21. g3 Bf8 22.
Bc4 Rxd1+ 23. Qxd1 Nc5 24. Bxc5 Bxc5 25. Kg2 Kg7 26.
Qd3 Qd6 27. Qxd6 Bxd6 28. h4 Bc5 29. Kf3 Kf6 30. Ke2 Ke7 31. f3 f5 32. g4 Kf6 33.
g5+ Kg7 34. exf5 gxf5 35. Be6 Kg6 36. Bc8 b6 37. Bd7 e4 38. Bxc6 e3 39. Be8+ Kg7 40.
h5 Be7 41. g6 hxg6 42. Bxg6 f4 43. Bf5 Kh6 44. Bg4 Kg5 45. Kd3 Bf8 46. Ke2 Bh6 47. b4 Bf8 48. bxa5 bxa5 49. c4 Bc5 50. Be6 Kxh5 51.
Bd5 Kg5 52. Bc6 Kf6 53. Bd5 Ke5 54. Ba8 Kd4 55. Bd5 Kc3 56. Be6 Kb3 57. Bd7 Kxc4 58.
Bb5+ Kc3 59. Be8 Bd4 60. Bb5 Kc2 61. Be8 Bc3 62. Bb5 Bd2 63. Be8 Kc3 64. Bb5 Kd4 65. Be8 Ke5 66. Bb5 Kf6 67. Be8 Kg5 68. Bb5 Kh4 69.
Bc6 Kg3 70. Bb5 Kg2 71. Bc6 Kg1 72. Bb5 Bb4 73. Bc6 Be7 74. Bb5 Bh4 75. Bc6 Bf2 76.
Bb5 Kg2 77. Bc6 Kg3 78. Bb5 Kh4 79. Bc6 Kg5 80. Bb5 Kf6 81. Bc6 Ke6 82. Bb5 Kd6 83.
Be8 Bh4 84. Bb5 Ke7 85. Bc6 Bf6 86. Bb5 Kd6 87. Be8 Bd4 88. Bb5 Bb6 89. Be8 Ke6 0-1

[Event "*** SCC Grand Prix: Titled Tuesday Blitz"]
[Site "Chess.com"]
[Date "2020.06.23"]
[Round "5"]
[White "Bulldog167"]
[Black "Guenplen"]
[Result "1-0"]
[WhiteElo "2790"]
[BlackElo "2913"]
[TimeControl "180+1"]
[EndTime "10:58:12 PDT"]
[Termination "Bulldog167 won by checkmate"]

1. d4 d5 2. c4 e6 3. Nc3 a6 4. cxd5 exd5 5. Nf3 Nf6 6. Bg5 Be6 7. Bxf6 Qxf6 8.
Qb3 Ra7 9. g3 Nd7 10. Nxd5 Qd8 11. Qe3 c5 12. Nc3 Nb6 13. O-O-O Nc4 14. Qd3 b5 15. d5 Bc8 16. e4 Bd6 17. Qc2 Ne5 18.
Nxe5 Bxe5 19. f4 Bd4 20. Bg2 Bg4 21. Rde1 O-O 22. Kb1 c4 23. h3 Bd7 24. e5 b4 25.
Ne4 Bb5 26. Qd2 Qb6 27. Qxb4 Rb8 28. Ka1 a5 29. Qd2 Be8 30. Nc3 a4 31. Re4 Bxc3 32.
Qxc3 a3 33. Rb1 Rab7 34. Re2 Qa7 35. d6 Rb3 36. Qc1 h6 37. Bd5 Rxg3 38. Bxc4 Qd4 39. Rc2 axb2+ 40. Rbxb2 Rc8 41. Bf1 Rxc2 42. Qxc2 Rc3 43.
Qd2 Qc5 44. Rb1 Bd7 45. Bd3 g6 46. Be4 Rc4 47. Bd3 Rc3 48. Be4 Rc4 49. Bd3 Qd4+ 50.
Rb2 Rc3 51. Bb1 Qc5 52. Rc2 Rxc2 53. Qxc2 Qd4+ 54. Qb2 Qxf4 55. Qc3 g5 56. a3 g4 57.
hxg4 Bxg4 58. Qb2 h5 59. Qb8+ Kg7 60. Qb2 Be6 61. Qc3 Kg8 62. a4 Qxa4+ 63. Kb2 Qf4 64. Qd3 h4 65. Qh7+ Kf8 66. Qh8# 1-0

[Event "*** SCC Grand Prix: Titled Tuesday Blitz"]
[Site "Chess.com"]
[Date "2020.06.23"]
[Round "5"]
[White "obliviate12"]
[Black "Dedic8"]
[Result "0-1"]
[WhiteElo "2842"]
[BlackElo "2783"]
[TimeControl "180+1"]
[EndTime "10:58:14 PDT"]
[Termination "Dedic8 won by resignation"]

1. e4 e5 2. Nf3 Nc6 3. Bc4 Nf6 4. d3 Bc5 5. c3 d6 6. Bg5 h6 7.
Bh4 g5 8. Bg3 a6 9. a4 Ba7 10.
Nbd2 Qe7 11. h4 g4 12. Nh2 Rg8 13. Ndf1 Nh5 14. Qd2 Qf6 15. Ne3 Ne7 16. Bb3 Nf4 17.
a5 Bd7 18. O-O-O O-O-O 19. d4 h5 20. Nhf1 Nc6 21. d5 Nxa5 22. Ba2 b5 23. b4 Nb7 24.
Bb3 a5 25. Kb2 Qg6 26. Bc2 c5 27.
dxc6 Bxc6 28. Nf5 Qf6 29. N1e3 d5 30. exd5 Nxd5 31. Nxd5 Rxd5 32. Qe2 axb4 33. Rxd5 bxc3+ 34. Kb1 Bxd5 35. Qxb5 Rd8 36. Rd1 Bxg2 37. Rxd8+ Qxd8 38. Bxe5 Qb6 39. Ne7+ Kd8 40. Qxb6+ Bxb6 41. Nf5 Bxf2 42.
Ng7 Bxh4 43. Nxh5 Nc5 44. Kc1 Be4 45. Bxc3 f5 46. Bd4 Bxc2 47. Kxc2 Ne6 48. Be5 Ke7 49. Kd3 Bg5 50. Ke2 Kf7 51. Ng3 Kg6 52.
Kf2 f4 53. Ne4 Kf5 54. Nxg5 Nxg5 55. Bb8 g3+ 56. Kg2 Kg4 57. Ba7 f3+ 58. Kf1 Ne4 59. Kg1 Kh3 60. Kf1 Kh2 61. Bg1+ Kh1 62. Be3 f2 63. Bxf2 Nxf2 64. Ke2 Nh3 65. Kf3 g2 66. Kg4 g1=Q+ 67. Kxh3 Qg7 0-1

[Event "*** SCC Grand Prix: Titled Tuesday Blitz"]
[Site "Chess.com"]
[Date "2020.06.23"]
[Round "5"]
[White "LuckIsMySkill"]
[Black "LogoCzar"]
[Result "1-0"]
[WhiteElo "2720"]
[BlackElo "2458"]
[TimeControl "180+1"]
[EndTime "10:58:15 PDT"]
[Termination "LuckIsMySkill won by checkmate"]

1. Nf3 d5 2. d4 Nf6 3. c4 c6 4. e3 e6 5. b3 Nbd7 6. Bd3 Ne4 7. O-O Bd6 8. Ba3 Qe7 9. Bxd6 Qxd6 10. Nfd2 f5 11.
f3 Nef6 12. Qc1 O-O 13. Qa3 c5 14. Nc3 Qc6 15. cxd5 Nxd5 16. Nxd5 exd5 17. dxc5 Qxc5 18. Qxc5 Nxc5 19. Be2 f4 20. Kf2 fxe3+ 21. Kxe3 Re8+ 22. Kf2 Bf5 23. b4 Ne6 24. Nb3 d4 25. Bc4 Rac8 26. Bxe6+ Bxe6 27. Nxd4 Bd5 28. Rac1 Bxa2 29. Rxc8 Rxc8 30.
Ra1 Rd8 31. Ke3 Bc4 32. Rxa7 Re8+ 33. Kf4 Re7 34. Nf5 Rf7 35. Ra8+ Rf8 36. Rxf8+ Kxf8 37.
Nd6 Bf1 38. Nxb7 Bxg2 39. b5 Ke7 40. b6 g5+ 41. Kg3 Bf1 42. Nc5 Kd6 43. Ne4+ Kc6 44.
Nxg5 Bd3 45. Kf4 Kxb6 46. Ke5 Kc7 47. f4 Kd7 48. f5 h6 49. Nf7 h5 50. Kf6 Ke8 51.
Ne5 Bc2 52. h4 Kf8 53. Ng6+ Kg8 54. Nf4 Bd1 55. Kg6 Bc2 56. Nxh5 Kh8 57. Nf6 Bd3 58. Kg5 Bc2 59. Ng4 Bd1 60. h5 Kg7 61. f6+ Kh8 62. Ne5 Bb3 63. Kg6 Ba2 64. f7 Bxf7+ 65. Kxf7 Kh7 66. Ng4 Kh8 67. Kg6 Kg8 68. h6 Kh8 69. Ne5 Kg8 70. h7+ Kh8 71. Nf7# 1-0

[Event "*** SCC Grand Prix: Titled Tuesday Blitz"]
[Site "Chess.com"]
[Date "2020.06.23"]
[Round "5"]
[White "RaunakSadhwani2005"]
[Black "A-Fier"]
[Result "0-1"]
[WhiteElo "2881"]
[BlackElo "2772"]
[TimeControl "180+1"]
[EndTime "10:58:16 PDT"]
[Termination "A-Fier won on time"]

1. e4 c5 2. Nc3 Nc6 3. Bb5 Nd4 4. Nf3 e6 5. O-O a6 6. Bd3 Nc6 7. Be2 d6 8. d4 cxd4 9. Nxd4 Nf6 10. a4 Be7 11. Be3 O-O 12. f4 Qc7 13. Nb3 b6 14.
Bf3 Bb7 15. g4 Rfe8 16. g5 Nd7 17. Bg2 Bf8 18. Qh5 g6 19. Qh4 Bg7 20. Rad1 Nb4 21. Rf2 Re7 22. Qg3 Rae8 23. h4 Nc5 24. Bd4 Nxc2 25. Bxc5 bxc5 26. Rxc2 Qb6 27. Nd2 d5 28. e5 Qb4 29. Kh2 Rc7 30. Rdc1 c4 31. Nf3 Bf8 32.
Nd4 Qb6 33. Nce2 Qa5 34. h5 Qxa4 35. hxg6 hxg6 36. Bf3 Qb4 37. Kg2 Bg7 38. Qe1 Qxe1 39. Rxe1 Rb8 40. b3 Bf8 41. bxc4 dxc4 42. Rec1 Bxf3+ 43. Nxf3 Rbc8 44. Ra1 Rc6 45. Nfd4 Rb6 46. Rac1 Rb4 47.
Ra2 Rb6 48. Rca1 c3 49. Rxa6 Rxa6 50. Rxa6 c2 51. Ra1 Bc5 52. Nxc2 Bb6 53. Ncd4 Rc4 54. Rd1 Ra4 55. Kf3 Ra3+ 56. Ke4 Kg7 57. Rb1 Bc5 58. Rb7 Kg8 59. Rc7 Bb6 60. Rc3 Ra1 61. Rb3 Bc5 62.
Rc3 Bb6 63. Nf3 Ra2 64. Ned4 Ra1 65. Rb3 Bc5 66. Rb8+ Kg7 67. Rb5 Ba7 68. Rb7 Kg8 69. Nc6 Ra4+ 70. Nfd4 Bc5 71. Rd7 Ra3 72. Nd8 Ra4 73.
Nxf7 Kf8 74. Nh6 Ke8 75. Rg7 Rxd4+ 76. Kf3 Rd3+ 77. Kg2 Rd2+ 78. Kf3 Rd3+ 79. Ke2 Re3+ 80. Kd2 Rg3 81. Rxg6 Be3+ 82. Ke2 Bxf4 83. Rxe6+ Kd7 84.
Nf7 Kxe6 0-1

[Event "*** SCC Grand Prix: Titled Tuesday Blitz"]
[Site "Chess.com"]
[Date "2020.06.23"]
[Round "5"]
[White "OhanyanEminChess"]
[Black "Orange_Ghost"]
[Result "1-0"]
[WhiteElo "2539"]
[BlackElo "2742"]
[TimeControl "180+1"]
[EndTime "10:58:20 PDT"]
[Termination "OhanyanEminChess won by resignation"]

1. e4 e6 2. d4 d5 3. Nc3 Bb4 4. e5 c5 5. a3 Bxc3+ 6. bxc3 Qa5 7.
Bd2 Qa4 8. Qg4 Kf8 9. Qd1 b6 10.
f4 Ba6 11. Bd3 Nc6 12. Nf3 Nge7 13. O-O Bxd3 14. cxd3 Qxd1 15. Rfxd1 c4 16. dxc4 dxc4 17. Ne1 Nd5 18. Nc2 Na5 19. Nb4 Rd8 20. Rab1 h5 21. a4 g6 22. Nxd5 Rxd5 23. Rb5 Ke7 24. Bc1 Kd7 25. Ba3 Kc6 26. Rdb1 Rb8 27. Kf2 a6 28.
Rxd5 Kxd5 29. Ke3 Nb3 30. Bb4 Rc8 31. g3 Rc6 32. h3 Rc8 33. Rh1 Rh8 34. Be7 Kc6 35. Bf6 Rg8 36. g4 b5 37. axb5+ Kxb5 38. Rg1 hxg4 39. hxg4 Ra8 40. Rh1 a5 41. Be7 a4 42.
Ba3 Ra7 43. Rh8 Rb7 44. Rc8 Ra7 45. f5 gxf5 46. gxf5 Rb7 47. d5 exd5 48. e6 fxe6 49. fxe6 Na1 50. e7 Rxe7+ 51. Bxe7 a3 52. Ra8 Kc6 53.
Bxa3 Kb7 54. Ra4 Kc6 55. Bf8 Nb3 56. Ra6+ Kd7 57. Bg7 Kc7 58. Ra7+ Kc6 59. Rf7 Kd6 60. Bd4 Ke6 61. Rf6+ Kd7 62. Rb6 Kc7 63. Rxb3 cxb3 64. Kd2 Kc6 65. Kc1 Kb5 66. Kb2 Kc4 67. Bf6 Kb5 68. Kxb3 Kc5 69. Bd4+ Kb5 70. Kc2 Kc4 71. Kd2 Kb3 72. Ke3 Kc4 73. Kf4 Kb5 74. Ke5 Kc6 75.
Ke6 Kb5 76. Kxd5 Ka4 77. c4 Ka5 78. c5 Ka6 79. c6 1-0

[Event "*** SCC Grand Prix: Titled Tuesday Blitz"]
[Site "Chess.com"]
[Date "2020.06.23"]
[Round "5"]
[White "czasnaszachy"]
[Black "timator"]
[Result "0-1"]
[WhiteElo "2247"]
[BlackElo "2544"]
[TimeControl "180+1"]
[EndTime "10:58:20 PDT"]
[Termination "timator won by resignation"]

1. d4 Nf6 2. c4 e6 3. Nc3 Bb4 4. e3 O-O 5. Ne2 b6 6. a3 Bxc3+ 7. Nxc3 Bb7 8. Bd3 Qe7 9. Qc2 e5 10. d5 c6 11. e4 cxd5 12. exd5 d6 13. O-O Nbd7 14.
Bg5 h6 15. Bh4 Rac8 16. b3 g5 17. Bg3 Kg7 18. Rae1 a6 19. Nd1 Ne8 20. Ne3 Kg8 21. Ng4 h5 22. Nh6+ Kh8 23. h4 Ng7 24. Nf5 Nxf5 25. Bxf5 gxh4 26. Qe2 Qg5 27. Bxd7 Rcd8 28. f4 Qxg3 29. Qxh5+ Kg7 30. f5 f6 31. Re4 Rxd7 32.
Rg4+ Qxg4 33. Qxg4+ Kh8 34. Qxh4+ Rh7 35. Qe4 Rg8 36. Rf3 Rg5 37. Kf2 Rhg7 38. Rh3+ Kg8 39. Rh2 Bc8 40. Qh4 Rxf5+ 41. Ke2 Kf8 42. Qh8+ Rg8 43.
Qh6+ Rg7 44. Rh3 Rg5 45. Rf3 Bg4 46. Qxf6+ Kg8 47. Qd8+ Kh7 48. Qxd6 e4 49. Qh2+ Rh5 50. Qf4 exf3+ 51. gxf3 Bf5 52. d6 Kg6 53. b4 Kf6 54. c5 bxc5 55. bxc5 Rg2+ 56. Ke3 Rh1 57.
Qd4+ Ke6 58. Qc4+ Kf6 59. Qd4+ Kg6 60. Qf4 Re1+ 61. Kd4 Re8 62. d7 Bxd7 63. Qd6+ Be6 64. c6 Rd2+ 65. Kc5 Rxd6 66. Kxd6 Bc8 67. c7 Rf8 68.
Kc5 Rxf3 69. a4 Rf8 70. a5 Kf7 71. Kb6 Ke8 72. Ka7 Kd7 73. Kb8 Rf7 74. Ka8 Kxc7 75.
Ka7 Rg7 76. Ka8 Rg5 77. Ka7 Rxa5 78. Ka8 Rb5 0-1

[Event "*** SCC Grand Prix: Titled Tuesday Blitz"]
[Site "Chess.com"]
[Date "2020.06.23"]
[Round "5"]
[White "Stormeman100100"]
[Black "dennisodessa"]
[Result "0-1"]
[WhiteElo "2462"]
[BlackElo "2258"]
[TimeControl "180+1"]
[EndTime "10:58:20 PDT"]
[Termination "dennisodessa won by checkmate"]

1. Nf3 Nf6 2. g3 b6 3. Bg2 Bb7 4. O-O e6 5. d4 Be7 6. c4 O-O 7. Nc3 Ne4 8. Bd2 d6 9. Qc2 Nxc3 10. Bxc3 f5 11. e3 Nd7 12. Qe2 Nf6 13. Rad1 Ne4 14.
Be1 Qc8 15. d5 e5 16. Nd2 Nxd2 17. Bxd2 a5 18. Bc3 Bf6 19. f4 e4 20. Bxf6 Rxf6 21. b3 a4 22. b4 a3 23. c5 bxc5 24. Qd2 Ba6 25. Rf2 Bd3 26. bxc5 dxc5 27. Qc3 c4 28. Bf1 Rd6 29. Qe5 Qd7 30. Qc3 Rxd5 31. Rc1 Rb5 32. Rd2 Qf7 33. Qxc4 Qxc4 34. Rxc4 Rb1 35. Rxd3 exd3 36.
Rd4 Rab8 37. Rxd3 Ra1 38. Rd2 Rb2 39. Rf2 Rxf2 40. Kxf2 Rxa2+ 41. Kf3 Rc2 42. Bd3 Rc3 43. Bxf5 Kf8 44. Be6 Rc2 45. g4 a2 46. Bxa2 Rxa2 47.
h4 c5 48. Ke4 c4 49. Kd4 Re2 50. h5 c3 51. Kxc3 Rxe3+ 52. Kd4 Re8 53. g5 Kf7 54. Kd5 g6 55. h6 Re1 56. Kd6 Re4 57. f5 gxf5 58. Kd5 Kg6 59. Kd6 Rg4 60. Ke5 Rxg5 61.
Ke6 Kxh6 62. Ke7 Kg6 63. Kf8 f4 64. Ke7 f3 65. Kf8 f2 66. Kg8 f1=Q 67. Kh8 Qf8# 0-1

[Event "*** SCC Grand Prix: Titled Tuesday Blitz"]
[Site "Chess.com"]
[Date "2020.06.23"]
[Round "5"]
[White "ShimanovAlex"]
[Black "Harsha_Bharathakoti"]
[Result "0-1"]
[WhiteElo "2869"]
[BlackElo "2832"]
[TimeControl "180+1"]
[EndTime "10:58:22 PDT"]
[Termination "Harsha_Bharathakoti won on time"]

1. d4 d5 2. Nf3 Nf6 3. Bf4 e6 4. e3 Bd6 5. Bxd6 Qxd6 6. c4 c5 7. Nc3 dxc4 8. Bxc4 O-O 9. O-O Nc6 10. Nb5 Qe7 11. dxc5 Qxc5 12. Rc1 Rd8 13. Qe2 Qe7 14. a3 a6 15. Nc3 b5 16. Ba2 Bb7 17. Rfd1 h6 18. h3 Rac8 19. e4 b4 20. axb4 Nxb4 21. Bb1 e5 22. Ne1 Rd4 23. Nc2 Nxc2 24. Bxc2 Rcd8 25.
Re1 Qb4 26. Bb1 Rd2 27. Qe3 Qxb2 28. Na4 Qd4 29. Nc5 Qxe3 30. Rxe3 Bc8 31. Ree1 a5 32. Nb3 Rb2 33. Nxa5 Be6 34. Rc2 Rxc2 35. Bxc2 Rd2 36. Bb3 Bxb3 37. Nxb3 Rc2 38. g3 h5 39. Kg2 h4 40. gxh4 Nh5 41. Kf3 Nf4 42. Nc1 Rc3+ 43.
Kg4 Nxh3 44. f3 Nf4 45. Rd1 Rc2 46. Nd3 Rg2+ 47. Kf5 Nxd3 48. Rxd3 f6 49. Ke6 Rh2 50. Kf5 Rxh4 51. Kg6 Rh6+ 52. Kf5 Kh7 53. Kg4 Rg6+ 54. Kh3 Rg1 55. Kh2 Rg5 56. Kh3 Kg6 57. Kh2 Kh5 58.
Kh3 Rg1 59. Kh2 Re1 60. Kg3 Kg5 61. Rd7 g6 62. Rd6 Rg1+ 63. Kf2 Rb1 64. Kg3 Rb3 65. Rc6 f5 66. exf5 gxf5 67. Rc5 e4 0-1